 Dungeon Sprint DCSS version 0.17-a0-764-gd40c196 (webtiles) character file.

0 lorenzova the Poker (level 1, -1/17 HPs)
             Began as a Merfolk Gladiator on Apr 23, 2015.
             Was an Initiate of Okawaru.
             Killed from afar by an orc wizard (9 damage)
             ... with a magic dart
             ... in the Dungeon (Sprint VI: "Thunderdome").
             The game lasted 00:01:57 (44 turns).

lorenzova the Poker (Merfolk Gladiator)               Turns: 44, Time: 00:01:58

Health: -1/17      AC:  4    Str: 15    XL:     1   Next: 20%
Magic:  1/1        EV: 13    Int:  7    God:    Okawaru [......]
Gold:   200        SH:  0    Dex: 14    Spells: 0 memorised, 0 levels left

rFire  . . .     SeeInvis .     a - +0 trident
rCold  . . .     Clarity  .     b - +0 leather armour
rNeg   . . .     SustAb   .     (no shield)
rPois  .         Gourm    .     c - +0 helmet
rElec  .         Spirit   .     (no cloak)
rCorr  .         Warding  .     (no gloves)
rMut   .         NoTele   +     (no boots)
MR     .....                    (no amulet)
Stlth  +.........               (no ring)
                                (no ring)

@: not resistant to hostile enchantments, very unstealthy
A: change form in water, swift swim
a: Renounce Religion


You were in the Dungeon.
You worshipped Okawaru.
Okawaru was noncommittal.
You were not hungry.

You visited 1 branch You collected 200 gold pieces.

Inventory:

Hand weapons
 a - a +0 trident (weapon)
Missiles
 d - 3 throwing nets (quivered)
Armour
 b - a +0 leather armour (worn)
 c - a +0 helmet (worn)
Magical devices
 m - a wand of cold (5)
 n - a wand of fire (5)
Scrolls
 k - 4 scrolls of blinking
 o - 3 scrolls of fog
Potions
 f - a potion of curing
 g - 4 potions of heal wounds
 h - 4 potions of haste
 i - 2 potions of magic
 j - a potion of berserk rage
 l - a potion of resistance
Comestibles
 e - a bread ration


   Skills:
 + Level 2.5 Fighting
 + Level 4.8 Polearms
 - Level 2.0 Throwing
 + Level 4.2 Dodging


You couldn't memorise any spells.
You didn't know any spells.

Dungeon Overview and Level Annotations

Branches:
Dungeon (1/1)

Altars:
Cheibriados
Dithmenos
Fedhas
Kikubaaqudgha
Makhleb
Okawaru
Trog
Yredelemnul
The Shining One
Jiyva
Lugonu

Shops:
D ?**[(!!!!


Message History

The orc wizard hits you but does no damage.
The orc wizard closely misses you.
You miss the orc wizard.
The orc wizard is moderately wounded.
The orc wizard hits you but does no damage.
You closely miss the orc wizard.
The orc wizard is moderately wounded.
The orc wizard closely misses you. The orc wizard casts a spell at you.
You resist with significant effort.
You hit the orc wizard.
The orc wizard is heavily wounded.
The orc wizard closely misses you.
You barely miss the orc wizard.
The orc wizard is heavily wounded. 50...
The orc wizard casts a spell at you. The magic dart hits you!
Ouch! That really hurt!
You die...

... ..8. #### ...
.....___∩## .8.
.8........∩###
..###.............##
#...# #..........⌠#
#.<.# #..........⌠#
###...###..........⌠#
...###...........o.#
.8.# #.8........@#
...###......._.∩##
.........8.######
..........⌠#
.........###
_........# _)......_#
_........# ∩.......∩#


You could see an orc wizard.

Vanquished Creatures
  A goblin (D)
1 creature vanquished.

Notes
Turn   | Place    | Note
--------------------------------------------------------------
     0 | D        | lorenzova, the Merfolk Gladiator, began the quest for the Orb.
     0 | D        | Reached XP level 1. HP: 16/16 MP: 1/1
     3 | D        | Found a bloodstained altar of Trog.
     3 | D        | Found an iron altar of Okawaru.
     4 | D        | Found a blossoming altar of Fedhas.
     4 | D        | Found a corrupted altar of Lugonu.
     5 | D        | Found a basalt altar of Yredelemnul.
     5 | D        | Found an ancient bone altar of Kikubaaqudgha.
     5 | D        | Round 1.
     6 | D        | Found a shadowy altar of Dithmenos.
     6 | D        | Found Foxish's Premium Goods.
     6 | D        | Found Ovastais's Miscellaneous Merchandise.
     7 | D        | Found Saodisi's Identification Station.
    10 | D        | Found Cahut's Basic Armour.
    11 | D        | Became a worshipper of Warmaster Okawaru
    15 | D        | Found Bumae's Weapon Rack.
    31 | D        | Found a viscous altar of Jiyva.
    31 | D        | Found Daizeamyega's Do-It-Yourself Clinic.
    31 | D        | Found Ickeangu's Bottled Wisdom.
    32 | D        | Found a snail-covered altar of Cheibriados.
    33 | D        | Found Himipiun's Distillery.
    33 | D        | Found a glowing golden altar of the Shining One.
    33 | D        | Noticed an orc wizard
    34 | D        | Found a burning altar of Makhleb.
    34 | D        | Found Inoyloitt's Distillery.
    44 | D        | Killed from afar by an orc wizard

Action                   || total
-------------------------++-------
Melee: Trident           ||    10
